Map: Lerilak Crest

Players

xKawaiian - Winner!

  • Race: Terran Terran
  • League: Master

Blinky

  • Race: Protoss Protoss
  • League: Master

VOD

Have the link to the VOD?

Description

Time

  • Played on: Jan. 9, 2016, 6:34 p.m.
  • Length: 11:59
Show
View Real Time Build Order
Export as new Build Order

xKawaiian Terran - Winner!

Build Orders: Reaper Expand, MMM Bio 

Get SALT Encoding   

  12  0:00  SCV  
  13  0:12  SCV  
  14  0:17  Supply Depot  
  14  0:25  SCV  
  15  0:39  SCV  
  15  0:40  Barracks  
  16  0:46  Refinery  
  16  0:51  SCV  
  17  1:03  SCV  
  18  1:15  SCV  
  19  1:27  Orbital Command  
  19  1:29  Reaper  
  20  1:40  Command Center  
  20  1:52  Supply Depot  
  20  1:53  SCV  
  21  2:02  Barracks Reactor  
  21  2:07  Barracks  
  21  2:08  SCV  
  22  2:20  SCV, Barracks  
  23  2:32  SCV  
  24  2:38  Marine  
  24  2:39  Marine  
  26  2:44  SCV  
  27  2:53  Orbital Command  
  27  2:56  SCV, Marine x2  
  27  2:58  Barracks Tech Lab  
  30  3:08  Refinery  
  30  3:09  Factory, Marine  
  30  3:12  SCV  
  32  3:14  Marine x2  
  32  3:16  Marine  
  32  3:19  SCV  
  36  3:22  Stimpack  
  36  3:27  SCV, Marine  
  36  3:32  Marine  
  36  3:34  SCV  
  40  3:35  Marine x2  
  40  3:39  SCV  
  43  3:45  Marine  
  43  3:46  SCV, Supply Depot  
  45  3:50  Marine  
  45  3:52  Starport  
  45  3:53  Factory Reactor  
  46  4:00  Supply Depot  
  46  4:07  Marine x3  
  46  4:08  SCV x2  
  50  4:12  Marine  
  50  4:13  Supply Depot  
  51  4:20  SCV x2  
  51  4:23  Supply Depot  
  53  4:25  Marine x3  
  56  4:34  Medivac x2  
  60  4:39  Marine  
  60  4:40  SCV  
  60  4:41  SCV  
  60  4:43  Marine  
  64  4:46  Marine  
  64  4:47  Marine  
  67  4:52  SCV  
  67  4:55  Command Center  
  67  4:57  SCV  
  68  5:01  Barracks Tech Lab  
  68  5:02  Factory Reactor  
  68  5:04  SCV  
  69  5:07  Medivac  
  69  5:08  Supply Depot, Marine  
  69  5:12  Refinery  
  72  5:16  Marine  
  72  5:17  Marauder  
  72  5:20  SCV x2  
  77  5:22  Refinery, Marine  
  77  5:24  Combat Shields  
  78  5:29  Marine  
  78  5:32  SCV x2  
  81  5:36  Supply Depot  
  81  5:38  Engineering Bay  
  81  5:39  Marauder  
  81  5:42  Medivac  
  85  5:45  Marine  
  86  5:57  Marauder, SCV, Marine, Engineering Bay, Widow Mine  
  86  6:03  Marauder  
  93  6:11  Marine  
  89  6:15  Marine  
  89  6:16  Orbital Command  
  87  6:18  Terran Infantry Weapons Level 1  
  87  6:19  Marauder  
  87  6:24  Marauder  
  85  6:29  Marine  
  79  6:32  Marine  
  79  6:33  Orbital Command  
  79  6:34  Terran Infantry Armor Level 1  
  79  6:36  SCV  
  79  6:38  Widow Mine x2  
  83  6:40  Marauder  
  83  6:46  Marine, Marauder  
  88  6:48  SCV  
  88  6:50  Barracks  
  88  6:52  Barracks  
  89  6:55  SCV  
  89  6:59  SCV  
  89  7:00  SCV  
  92  7:02  Marauder  
  92  7:04  Marine  
  92  7:06  Widow Mine  
  92  7:07  Marauder  
  98  7:11  Marine  
  99  7:21  Armory  
  99  7:22  Marine  
  97  7:23  Marauder  
  97  7:26  Medivac  
  97  7:28  Marauder  
  97  7:29  Marine  
  95  7:33  SCV  
  95  7:34  SCV x2, Concussive Shells  
  98  7:37  Supply Depot, Barracks Tech Lab  
  98  7:40  Marine  
  98  7:41  Medivac  
  98  7:43  Marine  
  100  7:44  Marauder  
  100  7:46  SCV x2  
  100  7:47  Marine  
  100  7:48  Supply Depot  
  100  7:50  Marauder  
  107  7:56  Medivac  
  109  7:59  Marauder, Marine  
  109  8:01  Marine  
  111  8:05  Marine  
  111  8:06  Widow Mine, Marauder  
  111  8:07  Widow Mine  
  111  8:11  Medivac  
  111  8:12  Marine  
  110  8:17  Marine  
  110  8:19  Marine  
  106  8:21  Marauder  
  106  8:24  Marine  
  106  8:26  Medivac  
  105  8:27  Marine  
  105  8:30  Terran Infantry Weapons Level 2, Marine  
  105  8:34  SCV x2  
  109  8:35  SCV, Marine, Widow Mine x2  
  109  8:37  Terran Infantry Armor Level 2, Marine  
  116  8:41  Marine x2  
  116  8:44  Marine  
  116  8:46  SCV, Medivac  
  116  8:48  Marine  
  122  8:53  Marine  
  122  8:55  Marine  
  125  9:01  Marine, Marauder  
  124  9:04  SCV  
  124  9:06  Refinery  
  124  9:07  Refinery  
  125  9:10  Supply Depot, Barracks  
  125  9:11  Supply Depot x2  
  125  9:12  Barracks  
  125  9:15  Barracks Tech Lab  
  125  9:23  Supply Depot  
  125  9:26  Marine  
  125  9:28  Terran Vehicle And Ship Armor Level 1  
  125  9:31  Marine x3, Widow Mine x2  
  125  9:32  SCV, Supply Depot  
  125  9:33  SCV, Marauder, Medivac x2  
  134  9:42  Marauder  
  134  9:44  Marine  
  119  9:49  Marine x2  
  119  9:50  Marauder  
  116  9:55  Marauder  
  116  9:57  Marine  
  116  9:59  SCV x2  
  119  10:00  Widow Mine x2  
  119  10:02  Marine  
  119  10:04  Marauder  
  120  10:07  Marine x2  
  120  10:09  Marine  
  120  10:11  Marine  
  117  10:15  Marine x2  
  117  10:20  Marine  
  118  10:25  Marauder x2, Marine  
  118  10:27  Marine  
  121  10:28  Widow Mine x2  
  121  10:31  Marauder  
  118  10:36  Marine  
  118  10:37  Marauder  
  118  10:40  Marine  
  118  10:41  Medivac x2  
  120  10:42  SCV  
  120  10:43  SCV x2  
  120  10:44  Command Center  
  120  10:47  Barracks Tech Lab, Marauder  
  120  10:50  Marine  
  120  10:51  Marauder  
  120  10:53  Marine  
  120  10:55  SCV x2  
  126  10:57  Widow Mine  
  126  11:00  Supply Depot  
  128  11:06  Barracks Tech Lab, Marauder, Marine  
  128  11:10  SCV  
  132  11:11  Medivac  
  132  11:15  Marine  
  132  11:16  Widow Mine, Medivac, Marauder  
  141  11:19  SCV x2  
  141  11:24  Marauder, Marine x2  
  143  11:30  Marauder, Marine x2  
  147  11:37  Marauder  
  147  11:39  Marine  
  151  11:58  Missile Turret x2  
Show
View Real Time Build Order
Export as new Build Order

Blinky Protoss 

Build Orders: 1 Gate Expand, Blink Stalkers 

Get SALT Encoding   

  12  0:01  Probe (Chrono Boost)  
  13  0:12  Probe (Chrono Boost)  
  14  0:17  Pylon  
  14  0:23  Probe (Chrono Boost)  
  15  0:35  Probe (Chrono Boost)  
  16  0:41  Gateway  
  16  0:45  Probe (Chrono Boost)  
  17  0:54  Assimilator  
  17  0:56  Probe (Chrono Boost)  
  18  1:07  Probe (Chrono Boost)  
  20  1:28  Nexus  
  19  1:36  Cybernetics Core  
  19  1:38  Probe (Chrono Boost)  
  20  1:44  Assimilator  
  20  1:49  Probe (Chrono Boost)  
  21  1:56  Pylon  
  21  1:59  Probe (Chrono Boost)  
  21  2:13  Mothership Core (Chrono Boost)  
  21  2:14  Warp Gate  
  23  2:20  Stalker  
  25  2:31  Probe (Chrono Boost)  
  26  2:42  Probe (Chrono Boost)  
  27  2:46  Twilight Council  
  27  2:49  Probe (Chrono Boost)  
  28  2:53  Probe (Chrono Boost)  
  29  2:59  Probe (Chrono Boost)  
  29  3:03  Probe (Chrono Boost)  
  31  3:06  Stalker  
  31  3:10  Probe (Chrono Boost)  
  34  3:14  Probe (Chrono Boost)  
  34  3:16  Blink  
  35  3:20  Probe (Chrono Boost)  
  35  3:24  Probe (Chrono Boost)  
  37  3:31  Probe (Chrono Boost)  
  38  3:35  Probe (Chrono Boost)  
  38  3:37  Stalker  
  41  3:41  Probe (Chrono Boost)  
  41  3:45  Probe (Chrono Boost)  
  41  3:46  Robotics Facility  
  43  3:51  Assimilator  
  43  3:52  Probe (Chrono Boost)  
  43  3:53  Assimilator  
  43  3:55  Pylon  
  44  3:59  Probe (Chrono Boost)  
  46  4:02  Probe (Chrono Boost)  
  46  4:13  Gateway  
  46  4:15  Gateway  
  47  4:17  Probe (Chrono Boost), Pylon  
  47  4:18  Probe (Chrono Boost)  
  47  4:23  Stalker  
  50  4:27  Probe (Chrono Boost)  
  50  4:30  Probe (Chrono Boost)  
  52  4:34  Observer (Chrono Boost)  
  53  4:38  Probe  
  53  4:43  Probe  
  53  4:45  Pylon  
  55  4:47  Stalker  
  55  4:50  Probe  
  58  4:55  Probe  
  58  4:58  Observer (Chrono Boost)  
  60  5:02  Pylon  
  60  5:04  Resonating Glaives  
  60  5:15  Pylon  
  60  5:16  Warp Prism (Chrono Boost)  
  62  5:23  Nexus  
  62  5:29  Stalker  
  64  5:39  Pylon  
  64  5:40  Pylon  
  64  5:46  Stalker x2  
  68  5:51  Pylon  
  68  5:58  Stalker  
  68  6:02  Gateway  
  68  6:03  Gateway  
  69  6:13  Stalker  
  69  6:14  Stalker  
  69  6:18  Pylon x2  
  63  6:36  Stalker  
  63  6:37  Stalker  
  63  6:38  Stalker  
  69  6:42  Gateway  
  69  6:43  Gateway  
  69  6:51  Pylon  
  69  7:07  Nexus  
  65  7:12  Adept  
  65  7:13  Adept x4  
  63  7:34  Immortal (Chrono Boost)  
  63  7:36  Adept x5  
  77  7:38  Adept x2  
  81  7:47  Pylon  
  76  8:06  Adept x4  
  76  8:07  Adept x3  
  67  8:24  Charge  
  67  8:27  Adept x2  
  63  8:29  Sentry x3  
  71  8:35  Immortal (Chrono Boost)  
  71  8:38  Templar Archives  
  69  8:56  Adept x7  
  83  9:12  Immortal (Chrono Boost)  
  87  9:18  High Templar x3  
  87  9:19  High Templar  
  87  9:20  Adept x2  
  87  9:23  Archon x2  
  65  9:57  Stalker x4  
  65  9:58  Stalker x2  
  49  10:23  Stalker x5  
  49  10:27  Adept  
  34  10:46  Stalker x2  
  29  11:49  Stalker x3  
Tags
 
Add a new tag
Caveats
  • Supply blocks, unpowered buildings, or Contaminate may cause inaccurate times.
  • Supply counts are checked every 10 seconds.